Calgary Flames vs Nashville Predators

Created - Friday, October 10, 2025 at 06:33

Goals
1 2 3 T
Calgary Flames 1 0 4 5
Nashville Predators 2 1 0 3
Shots
1 2 3 T
Calgary Flames 13 5 14 32
Nashville Predators 17 14 7 38

1st period

1. Nashville Predators , Pius Suter 14 (Brandon Montour 20, Marco Kasper 28) at 0:38 (PP)
2. Nashville Predators , Rasmus Andersson 5 (Eetu Luostarinen 13, Nikita Alexandrov 2) at 1:12
3. Calgary Flames , J.T. Miller 19 (Joel Eriksson Ek 17, Bo Horvat 44) at 9:09

Penalties :
J.T. Miller (CGY) for Elbowing (Minor) at 0:28, Marco Kasper (NSH) for Interference (Minor) at 1:24, Nic Dowd (CGY) for High sticking (Minor) at 6:59

2nd period

4. Nashville Predators , Marco Kasper 16 (Alex Pietrangelo 28, John-Jason Peterka 29) at 0:34

Penalties :
Sebastian Aho (CGY) for Delaying the game (Minor) at 7:48

3rd period

5. Calgary Flames , Uvis Balinskis 1 (Nick Paul 7, Ilya Sorokin) at 2:32
6. Calgary Flames , Bo Horvat 30 (Pavel Zacha 7, Joel Eriksson Ek 18) at 3:25
7. Calgary Flames , Joel Eriksson Ek 13 (Alec Martinez 9) at 14:11
8. Calgary Flames , Joel Eriksson Ek 14 (Angus Crookshank 2) at 15:59

Penalties :
J.T. Miller (CGY) for Holding (Minor) at 9:40

Goalie Stats

Ilya Sorokin (CGY), 35 saves from 38 shots - (0.921), W, 16-8-5, 60:00 minutes
Thatcher Demko (NSH), 27 saves from 32 shots - (0.844), L, 3-4-4, 60:00 minutes

Players Stats for Calgary Flames

Player Name              G  A  P  +/- PIM S  H  SB GA TA FO     MP     PP MP  PK MP  
------------------------------------------------------------------------------------
Alec Martinez            0  1  1   1  0   1  0  1  1  0  0/0    19:20   0:51   2:55 
Angus Crookshank         0  1  1   3  0   0  0  0  0  0  0/0    13:13   0:00   0:00 
Ben Meyers               0  0  0   0  0   0  0  0  0  0  0/0    11:00   0:00   1:55 
Bo Horvat                1  1  2   0  0   4  1  0  2  0  9/20   19:10   1:04   2:42 
Cale Makar               0  0  0   1  0   2  1  2  0  2  0/0    22:57   1:08   3:12 
Chris Kreider            0  0  0  -1  0   6  2  0  0  0  0/0    15:32   0:55   0:40 
Drew Doughty             0  0  0   0  0   0  1  1  0  1  0/0    15:32   0:00   0:00 
Filip Hronek             0  0  0   1  0   1  1  1  1  1  0/0    18:29   0:51   0:00 
J.T. Miller              1  0  1   0  4   1  1  0  1  0  10/15  17:00   0:55   1:55 
Joel Eriksson Ek         2  2  4   4  0   6  6  0  1  0  3/12   16:25   0:00   2:57 
Kris Letang              0  0  0   1  0   1  3  1  0  0  0/0    23:02   1:08   3:12 
Mathieu Joseph           0  0  0  -1  0   0  1  0  0  0  0/1    14:48   0:55   0:00 
Nic Dowd                 0  0  0   1  2   4  1  1  0  0  3/4     9:15   0:00   0:00 
Nick Paul                0  1  1   0  0   1  0  0  0  0  1/1     9:05   0:00   0:00 
Pavel Zacha              0  1  1   3  0   0  0  0  0  0  1/1    13:21   0:00   0:08 
Sebastian Aho            0  0  0   0  2   4  4  1  0  0  1/1    18:32   1:04   1:57 
Uvis Balinskis           1  0  1   2  0   1  0  0  1  3  0/0    20:40   0:00   2:55 
Zach Hyman               0  0  0   0  0   0  1  0  0  0  0/0    16:28   1:04   0:00 

Players Stats for Nashville Predators

Player Name              G  A  P  +/- PIM S  H  SB GA TA FO     MP     PP MP  PK MP  
------------------------------------------------------------------------------------
Alex Pietrangelo         0  1  1  -2  0   2  1  4  0  3  0/0    24:55   2:57   1:04 
Brandon Montour          0  1  1  -2  0   4  3  1  1  0  0/0    24:34   2:57   0:00 
Dante Fabbro             0  0  0  -1  0   0  0  0  0  1  0/0    20:01   0:00   0:55 
Dmitri Voronkov          0  0  0   0  0   5  2  0  1  1  0/0    18:04   2:37   0:19 
Eetu Luostarinen         0  1  1  -1  0   2  2  0  0  0  1/1    11:35   0:25   0:39 
Evan Rodrigues           0  0  0  -2  0   1  1  0  0  0  1/2    10:25   0:00   0:00 
Jack Roslovic            0  0  0  -2  0   2  1  0  1  0  2/3    10:25   0:00   0:00 
Jani Nyman               0  0  0   0  0   1  2  0  1  0  0/1    17:34   2:37   0:00 
Jean-Gabriel Pageau      0  0  0   0  0   2  3  0  0  0  9/16   18:35   2:37   1:01 
John-Jason Peterka       0  1  1   0  0   3  0  0  1  0  2/2    18:59   3:09   0:00 
Jordan Spence            0  0  0   0  0   0  0  1  0  0  0/0    15:04   3:10   0:00 
Marco Kasper             1  1  2   0  2   3  1  0  0  0  11/26  19:05   3:05   0:00 
Nikita Alexandrov        0  1  1  -1  0   1  1  0  1  0  1/2    10:45   0:00   0:39 
Pius Suter               1  0  1   0  0   5  1  1  1  1  0/2    20:25   3:09   1:01 
Rasmus Andersson         1  0  1  -1  0   3  0  1  0  0  0/0    22:48   3:10   1:04 
Robby Fabbri             0  0  0  -1  0   0  0  1  0  0  0/0    10:27   0:21   0:00 
Simon Benoit             0  0  0   0  0   1  1  0  0  0  0/0    12:38   0:00   0:55 
Yegor Sharangovich       0  0  0  -2  0   3  0  0  0  1  0/0    11:41   0:21   0:19 

3 Stars

1 - Joel Eriksson Ek (CGY)
2 - Bo Horvat (CGY)
3 - Uvis Balinskis (CGY)

Power Play

Calgary Flames - 0 on 1 Attempt(s) - 0.00%
Nashville Predators - 1 on 4 Attempt(s) - 25.00%

Penalty Kill

Calgary Flames - 3 on 4 Attempt(s) - 75.00% - Score 0 goal in Penalty Kill
Nashville Predators - 1 on 1 Attempt(s) - 100.00% - Score 0 goal in Penalty Kill

Team Stat

Calgary Flames - Hits : 23 - Faceoff Wins : 28 - Blocked Shots : 8 - Penalty Minutes : 8
Nashville Predators - Hits : 19 - Faceoff Wins : 27 - Blocked Shots : 9 - Penalty Minutes : 2

Official

Referees : Marc Joannette and Kevin Pollock
Linesman : Justin Johnson and Jonathan Deschamps

Game Notes

No Game Note

Finance

Level 1 -- Attendance: 4777 (79.62%) -- Ticket Income $477,700
Level 2 -- Attendance: 3499 (69.98%) -- Ticket Income $209,940
Level 3 -- Attendance: 2537 (84.57%) -- Ticket Income $88,795
Level 4 -- Attendance: 3399 (67.98%) -- Ticket Income $84,975
Luxury Box -- Attendance: 764 (76.40%) -- Ticket Income $152,800
Game was played at the Bridgestone Arena.
Total Attendance: 14976 (74.88%)
Total Ticket Income: $1,014,210
Other Income: $354,974
Total Income: $1,369,184

Calgary Flames

5 vs 5 Forward 
   Center                   Left Wing                Right Wing               Time % Phy DF OF 
 1 Bo Horvat                Sebastian Aho            Zach Hyman               30     1   2  2  
 2 J.T. Miller              Chris Kreider            Mathieu Joseph           30     1   2  2  
 3 Joel Eriksson Ek         Angus Crookshank         Pavel Zacha              25     1   2  2  
 4 Nic Dowd                 Nick Paul                Ben Meyers               15     1   2  2  

5 vs 5 Defense 
   Defense                  Defense                                           Time % Phy DF OF 
 1 Cale Makar               Kris Letang                                       35     1   2  2  
 2 Filip Hronek             Uvis Balinskis                                    35     1   2  2  
 3 Drew Doughty             Alec Martinez                                     30     1   2  2  
 4 Cale Makar               Kris Letang                                       0      1   2  2  

PowerPlay Forward 
   Center                   Left Wing                Right Wing               Time % Phy DF OF 
 1 Bo Horvat                Sebastian Aho            Zach Hyman               50     1   2  2  
 2 J.T. Miller              Chris Kreider            Mathieu Joseph           50     1   2  2  

PowerPlay Defense
   Defense                  Defense                                           Time % Phy DF OF 
 1 Cale Makar               Kris Letang                                       50     1   2  2  
 2 Filip Hronek             Alec Martinez                                     50     1   2  2  

Penalty Kill 4 Players Forward 
   Center                   Wing                     Time % Phy DF OF 
 1 Bo Horvat                Sebastian Aho            50     1   2  2  
 2 J.T. Miller              Joel Eriksson Ek         50     1   2  2  

Penalty Kill 4 Players Defense
   Defense                  Defense                  Time % Phy DF OF 
 1 Cale Makar               Kris Letang              50     1   2  2  
 2 Alec Martinez            Uvis Balinskis           50     1   2  2  

Penalty Kill - 3 Players Forward 
   Forward                                           Time % Phy DF OF 
 1 Bo Horvat                                         50     1   2  2  
 2 Sebastian Aho                                     50     1   2  2  

Penalty Kill - 3 Players Defense
   Defense                  Defense                  Time % Phy DF OF 
 1 Cale Makar               Kris Letang              50     1   2  2  
 2 Alec Martinez            Drew Doughty             50     1   2  2  

4 vs 4 Forward 
   Center                   Wing                     Time % Phy DF OF 
 1 Bo Horvat                Sebastian Aho            50     1   2  2  
 2 J.T. Miller              Joel Eriksson Ek         50     1   2  2  

4 vs 4 Defense
   Defense                  Defense                  Time % Phy DF OF 
 1 Cale Makar               Kris Letang              50     1   2  2  
 2 Drew Doughty             Alec Martinez            50     1   2  2  

Last Minutes Offensive
   Center                   Left Wing                Right Wing               Defense                  Defense                  
   Bo Horvat                Sebastian Aho            Zach Hyman               Cale Makar               Kris Letang              

Last Minutes Defensive
   Center                   Left Wing                Right Wing               Defense                  Defense                  
   Bo Horvat                Sebastian Aho            Zach Hyman               Cale Makar               Kris Letang              

Goaltenders
Starting : Ilya Sorokin             
Backup : Pheonix Copley           

Extra Forwards
Normal : Nic Dowd, Ben Meyers, Sebastian Aho - PP : Nic Dowd, Ben Meyers - PK : Bo Horvat
Extra Defensemen
Normal : Cale Makar, Alec Martinez, Kris Letang - PP : Kris Letang - PK : Alec Martinez, Cale Makar
Penalty Shots
Bo Horvat, Sebastian Aho, J.T. Miller, Joel Eriksson Ek, Zach Hyman

Scratches
Matthew Tkachuk (Bruised Right Shoulder Injury), Jeremy Lauzon (Healthy), Anton Forsberg (Healthy)

Nashville Predators

5 vs 5 Forward 
   Center                   Left Wing                Right Wing               Time % Phy DF OF 
 1 Marco Kasper             John-Jason Peterka       Pius Suter               35     0   1  4  
 2 Jean-Gabriel Pageau      Dmitri Voronkov          Jani Nyman               35     0   2  3  
 3 Jack Roslovic            Yegor Sharangovich       Evan Rodrigues           15     0   2  3  
 4 Nikita Alexandrov        Eetu Luostarinen         Robby Fabbri             15     0   3  2  

5 vs 5 Defense 
   Defense                  Defense                                           Time % Phy DF OF 
 1 Alex Pietrangelo         Brandon Montour                                   40     1   2  2  
 2 Dante Fabbro             Rasmus Andersson                                  36     1   4  0  
 3 Jordan Spence            Simon Benoit                                      24     0   5  0  
 4 Dante Fabbro             Brandon Montour                                   0      1   3  1  

PowerPlay Forward 
   Center                   Left Wing                Right Wing               Time % Phy DF OF 
 1 Marco Kasper             John-Jason Peterka       Pius Suter               65     1   1  3  
 2 Jean-Gabriel Pageau      Dmitri Voronkov          Jani Nyman               35     1   1  3  

PowerPlay Defense
   Defense                  Defense                                           Time % Phy DF OF 
 1 Brandon Montour          Alex Pietrangelo                                  50     1   1  3  
 2 Jordan Spence            Rasmus Andersson                                  50     2   2  1  

Penalty Kill 4 Players Forward 
   Center                   Wing                     Time % Phy DF OF 
 1 Jean-Gabriel Pageau      Pius Suter               65     1   2  2  
 2 Nikita Alexandrov        Eetu Luostarinen         35     1   2  2  

Penalty Kill 4 Players Defense
   Defense                  Defense                  Time % Phy DF OF 
 1 Alex Pietrangelo         Rasmus Andersson         60     2   3  0  
 2 Simon Benoit             Dante Fabbro             40     1   3  1  

Penalty Kill - 3 Players Forward 
   Forward                                           Time % Phy DF OF 
 1 Jean-Gabriel Pageau                               50     1   2  2  
 2 Pius Suter                                        50     1   2  2  

Penalty Kill - 3 Players Defense
   Defense                  Defense                  Time % Phy DF OF 
 1 Alex Pietrangelo         Rasmus Andersson         50     1   2  2  
 2 Simon Benoit             Dante Fabbro             50     1   2  2  

4 vs 4 Forward 
   Center                   Wing                     Time % Phy DF OF 
 1 Jean-Gabriel Pageau      Pius Suter               50     1   2  2  
 2 Nikita Alexandrov        Eetu Luostarinen         50     1   2  2  

4 vs 4 Defense
   Defense                  Defense                  Time % Phy DF OF 
 1 Rasmus Andersson         Alex Pietrangelo         60     2   2  1  
 2 Dante Fabbro             Simon Benoit             40     2   2  1  

Last Minutes Offensive
   Center                   Left Wing                Right Wing               Defense                  Defense                  
   Jean-Gabriel Pageau      Pius Suter               John-Jason Peterka       Dmitri Voronkov          Brandon Montour          

Last Minutes Defensive
   Center                   Left Wing                Right Wing               Defense                  Defense                  
   Jean-Gabriel Pageau      Pius Suter               Robby Fabbri             Alex Pietrangelo         Rasmus Andersson         

Goaltenders
Starting : Thatcher Demko           
Backup : Anthony Stolarz          

Extra Forwards
Normal : Dmitri Voronkov, Pius Suter, Eetu Luostarinen - PP : Eetu Luostarinen, Jean-Gabriel Pageau - PK : Eetu Luostarinen
Extra Defensemen
Normal : Rasmus Andersson, Dante Fabbro, Simon Benoit - PP : Rasmus Andersson - PK : Dante Fabbro, Brandon Montour
Penalty Shots
Dmitri Voronkov, Jani Nyman, John-Jason Peterka, Pius Suter, Yegor Sharangovich

Scratches
Yegor Chinakhov (Healthy), Ryan Hartman (Healthy), Parker Wotherspoon (Healthy), Nick Perbix (Healthy), Mads Sogaard (Healthy)

% Time on Ice - Calgary Flames

Lines # - Real PCT - Wanted PCT - Time Play
Normal Forward
1 - 30% - 30% - 15:24
2 - 27% - 30% - 14:12
3 - 25% - 25% - 13:13
4 - 18% - 15% - 9:05
Normal Defense
1 - 35% - 35% - 18:15
2 - 35% - 35% - 18:07
3 - 30% - 30% - 15:32
4 - 0% - 0% - 0:00
PP Forward
1 - 54% - 50% - 1:04
2 - 46% - 50% - 0:55
PP Defense
1 - 57% - 50% - 1:08
2 - 43% - 50% - 0:51
PK Forward
1 - 36% - 50% - 2:13
2 - 64% - 50% - 3:54
PK Defense
1 - 52% - 50% - 3:12
2 - 48% - 50% - 2:55
PK3 Forward
1 - 0% - 50%
2 - 0% - 50%
PK3 Defense
1 - 0% - 50%
2 - 0% - 50%
44 Forward
1 - 0% - 50%
2 - 0% - 50%
44 Defense
1 - 0% - 50%
2 - 0% - 50%
Last Minute Offensive  - 0:00
Last Minute Defensive  - 0:00
Total
Forward - 60:00
Defense - 60:00

% Time on Ice - Nashville Predators

Lines # - Real PCT - Wanted PCT - Time Play
Normal Forward
1 - 31% - 35% - 16:01
2 - 30% - 35% - 15:22
3 - 20% - 15% - 10:25
4 - 19% - 15% - 10:06
Normal Defense
1 - 41% - 40% - 21:12
2 - 35% - 36% - 18:12
3 - 23% - 24% - 11:43
4 - 2% - 0% - 0:47
PP Forward
1 - 57% - 65% - 3:30
2 - 43% - 35% - 2:37
PP Defense
1 - 48% - 50% - 2:57
2 - 52% - 50% - 3:10
PK Forward
1 - 67% - 65% - 1:20
2 - 33% - 35% - 0:39
PK Defense
1 - 54% - 60% - 1:04
2 - 46% - 40% - 0:55
PK3 Forward
1 - 0% - 50%
2 - 0% - 50%
PK3 Defense
1 - 0% - 50%
2 - 0% - 50%
44 Forward
1 - 0% - 50%
2 - 0% - 50%
44 Defense
1 - 0% - 60%
2 - 0% - 40%
Last Minute Offensive  - 0:00
Last Minute Defensive  - 0:00
Total
Forward - 60:00
Defense - 60:00

Play-by-Play

1st period


0:01 of 1st period - Bo Horvat wins face-off versus Marco Kasper in neutral zone.
0:12 of 1st period - Kris Letang is hit by Brandon Montour and loses puck.
0:28 of 1st period - Minor Penalty to J.T. Miller for Elbowing.
0:29 of 1st period - Marco Kasper wins face-off versus Bo Horvat in Calgary Flames zone.
0:34 of 1st period - Wrist shot by Marco Kasper.
0:34 of 1st period - Stopped by Ilya Sorokin with a rebound.
0:36 of 1st period - Slapshot by Brandon Montour.
0:36 of 1st period - Stopped by Ilya Sorokin with a rebound.
0:38 of 1st period - Wrist shot by Pius Suter.
0:38 of 1st period - Goal by Pius Suter - Calgary Flames : 0 - Nashville Predators : 1.
0:39 of 1st period - Joel Eriksson Ek wins face-off versus Jean-Gabriel Pageau in neutral zone.
1:10 of 1st period - Snap shot by Eetu Luostarinen.
1:10 of 1st period - Shot Misses the Net.
1:12 of 1st period - Wrist shot by Rasmus Andersson.
1:12 of 1st period - Goal by Rasmus Andersson - Calgary Flames : 0 - Nashville Predators : 2.
1:13 of 1st period - Nic Dowd wins face-off versus Marco Kasper in neutral zone.
1:22 of 1st period - Wrist shot by Nick Paul.
1:22 of 1st period - Stopped by Thatcher Demko with a rebound.
1:24 of 1st period - Minor Penalty to Marco Kasper for Interference.
1:25 of 1st period - Jean-Gabriel Pageau wins face-off versus Bo Horvat in Nashville Predators zone.
2:01 of 1st period - Wrist shot by Chris Kreider.
2:01 of 1st period - Stopped by Thatcher Demko with a rebound.
2:03 of 1st period - Snap shot by Chris Kreider.
2:03 of 1st period - Stopped by Thatcher Demko with a rebound.
2:05 of 1st period - Wrist shot by Mathieu Joseph.
2:05 of 1st period - Shot Misses the Net.
3:24 of 1st period - Penalty to Marco Kasper is over, Marco Kasper is back on ice.
3:27 of 1st period - Marco Kasper is hit by Chris Kreider and loses puck.
3:44 of 1st period - Alex Pietrangelo is hit by Joel Eriksson Ek and loses puck.
3:51 of 1st period - Yegor Sharangovich is hit by Drew Doughty and loses puck.
4:02 of 1st period - Filip Hronek is hit by Eetu Luostarinen and loses puck.
4:33 of 1st period - Zach Hyman is hit by Dmitri Voronkov and loses puck.
4:38 of 1st period - Slapshot by Jean-Gabriel Pageau.
4:38 of 1st period - Shot Misses the Net.
4:40 of 1st period - Wrist shot by Jean-Gabriel Pageau.
4:40 of 1st period - Stopped by Ilya Sorokin without a rebound.
4:41 of 1st period - Nic Dowd wins face-off versus Jani Nyman in Calgary Flames zone.
4:41 of 1st period - Nic Dowd is hit by Jani Nyman.
4:46 of 1st period - Off-side.
4:47 of 1st period - Jean-Gabriel Pageau wins face-off versus Nic Dowd in neutral zone.
4:50 of 1st period - Wrist shot by Dmitri Voronkov.
4:50 of 1st period - Shot Misses the Net.
4:52 of 1st period - Snap shot by Jean-Gabriel Pageau.
4:52 of 1st period - Shot Blocked by Nic Dowd.
4:54 of 1st period - Snap shot by Jani Nyman.
4:54 of 1st period - Deflect By Jean-Gabriel Pageau.
4:54 of 1st period - Shot Blocked by Cale Makar.
4:54 of 1st period - Puck is out of play.
4:55 of 1st period - Marco Kasper wins face-off versus J.T. Miller in Calgary Flames zone.
4:56 of 1st period - Snap shot by Pius Suter.
4:56 of 1st period - Stopped by Ilya Sorokin without a rebound.
4:57 of 1st period - J.T. Miller wins face-off versus Marco Kasper in Calgary Flames zone.
4:57 of 1st period - J.T. Miller is hit by Pius Suter.
5:31 of 1st period - Wrist shot by Sebastian Aho.
5:31 of 1st period - Stopped by Thatcher Demko with a rebound.
5:36 of 1st period - Off-side.
5:37 of 1st period - Pavel Zacha wins face-off versus Evan Rodrigues in neutral zone.
5:42 of 1st period - Slapshot by Cale Makar.
5:42 of 1st period - Deflect By Joel Eriksson Ek.
5:42 of 1st period - Shot Blocked by Brandon Montour.
5:42 of 1st period - Puck is out of play.
5:43 of 1st period - Evan Rodrigues wins face-off versus Joel Eriksson Ek in Nashville Predators zone.
6:10 of 1st period - Wrist shot by Sebastian Aho.
6:10 of 1st period - Shot Misses the Net.
6:12 of 1st period - Snap shot by Sebastian Aho.
6:12 of 1st period - Shot Blocked by Alex Pietrangelo.
6:59 of 1st period - Minor Penalty to Nic Dowd for High sticking.
7:00 of 1st period - Marco Kasper wins face-off versus J.T. Miller in Calgary Flames zone.
8:01 of 1st period - Slapshot by Dmitri Voronkov.
8:01 of 1st period - Stopped by Ilya Sorokin without a rebound.
8:02 of 1st period - Bo Horvat wins face-off versus Jean-Gabriel Pageau in Calgary Flames zone.
8:11 of 1st period - Joel Eriksson Ek is hit by Dmitri Voronkov.
8:59 of 1st period - Penalty to Nic Dowd is over, Nic Dowd is back on ice.
9:09 of 1st period - Wrist shot by J.T. Miller.
9:09 of 1st period - Goal by J.T. Miller - Calgary Flames : 1 - Nashville Predators : 2.
9:10 of 1st period - Jean-Gabriel Pageau wins face-off versus Bo Horvat in neutral zone.
9:25 of 1st period - Snap shot by Jean-Gabriel Pageau.
9:25 of 1st period - Deflect By Dmitri Voronkov.
9:25 of 1st period - Stopped by Ilya Sorokin without a rebound.
9:26 of 1st period - J.T. Miller wins face-off versus Marco Kasper in Calgary Flames zone.
9:41 of 1st period - Snap shot by Chris Kreider.
9:41 of 1st period - Stopped by Thatcher Demko with a rebound.
10:18 of 1st period - Jean-Gabriel Pageau is hit by Joel Eriksson Ek and loses puck.
10:33 of 1st period - Kris Letang is hit by Jack Roslovic and loses puck.
11:23 of 1st period - Snap shot by Joel Eriksson Ek.
11:23 of 1st period - Stopped by Thatcher Demko with a rebound.
12:31 of 1st period - Wrist shot by Jack Roslovic.
12:31 of 1st period - Deflect By Evan Rodrigues.
12:31 of 1st period - Stopped by Ilya Sorokin without a rebound.
12:32 of 1st period - Marco Kasper wins face-off versus Bo Horvat in Calgary Flames zone.
12:35 of 1st period - Backhand shot by John-Jason Peterka.
12:35 of 1st period - Stopped by Ilya Sorokin with a rebound.
12:59 of 1st period - Jean-Gabriel Pageau is hit by Chris Kreider and loses puck.
13:20 of 1st period - Backhand shot by Chris Kreider.
13:20 of 1st period - Stopped by Thatcher Demko with a rebound.
13:22 of 1st period - Slapshot by Nic Dowd.
13:22 of 1st period - Stopped by Thatcher Demko with a rebound.
13:24 of 1st period - Snap shot by Nick Paul.
13:24 of 1st period - Shot Misses the Net.
13:28 of 1st period - Wrist shot by Nic Dowd.
13:28 of 1st period - Shot Blocked by Alex Pietrangelo.
13:30 of 1st period - Snap shot by Nic Dowd.
13:30 of 1st period - Stopped by Thatcher Demko without a rebound.
13:31 of 1st period - Bo Horvat wins face-off versus Marco Kasper in Nashville Predators zone.
13:32 of 1st period - Snap shot by Zach Hyman.
13:32 of 1st period - Shot Misses the Net.
13:34 of 1st period - Wrist shot by Bo Horvat.
13:34 of 1st period - Stopped by Thatcher Demko without a rebound.
13:35 of 1st period - Bo Horvat wins face-off versus Marco Kasper in Nashville Predators zone.
13:58 of 1st period - Dante Fabbro is hit by Sebastian Aho and loses puck.
14:13 of 1st period - Snap shot by Bo Horvat.
14:13 of 1st period - Stopped by Thatcher Demko with a rebound.
14:24 of 1st period - Off-side.
14:25 of 1st period - J.T. Miller wins face-off versus Marco Kasper in neutral zone.
14:32 of 1st period - Snap shot by Chris Kreider.
14:32 of 1st period - Shot Misses the Net.
14:54 of 1st period - Joel Eriksson Ek is hit by Brandon Montour and loses puck.
15:17 of 1st period - Snap shot by Yegor Sharangovich.
15:17 of 1st period - Shot Blocked by Drew Doughty.
15:19 of 1st period - Snap shot by Yegor Sharangovich.
15:19 of 1st period - Stopped by Ilya Sorokin with a rebound.
15:21 of 1st period - Wrist shot by Simon Benoit.
15:21 of 1st period - Stopped by Ilya Sorokin without a rebound.
15:22 of 1st period - J.T. Miller wins face-off versus Marco Kasper in Calgary Flames zone.
15:28 of 1st period - Off-side.
15:29 of 1st period - J.T. Miller wins face-off versus Marco Kasper in neutral zone.
15:36 of 1st period - Wrist shot by Chris Kreider.
15:36 of 1st period - Stopped by Thatcher Demko with a rebound.
16:01 of 1st period - Uvis Balinskis is hit by Nikita Alexandrov and loses puck.
16:08 of 1st period - Snap shot by Nikita Alexandrov.
16:08 of 1st period - Shot Misses the Net.
16:35 of 1st period - Icing by Bo Horvat.
16:36 of 1st period - Bo Horvat wins face-off versus Jack Roslovic in Calgary Flames zone.
16:50 of 1st period - Wrist shot by Yegor Sharangovich.
16:50 of 1st period - Stopped by Ilya Sorokin without a rebound.
16:51 of 1st period - Bo Horvat wins face-off versus Jean-Gabriel Pageau in Calgary Flames zone.
17:05 of 1st period - Wrist shot by Brandon Montour.
17:05 of 1st period - Shot Misses the Net.
17:07 of 1st period - Slapshot by Alex Pietrangelo.
17:07 of 1st period - Stopped by Ilya Sorokin with a rebound.
17:17 of 1st period - Mathieu Joseph is hit by Marco Kasper and loses puck.
17:42 of 1st period - Wrist shot by Jack Roslovic.
17:42 of 1st period - Stopped by Ilya Sorokin with a rebound.
18:24 of 1st period - Slapshot by Eetu Luostarinen.
18:24 of 1st period - Stopped by Ilya Sorokin with a rebound.
18:26 of 1st period - Wrist shot by Marco Kasper.
18:26 of 1st period - Shot Misses the Net.
18:28 of 1st period - Snap shot by John-Jason Peterka.
18:28 of 1st period - Stopped by Ilya Sorokin with a rebound.
Goals for this period are 1 for Calgary Flames vs 2 for Nashville Predators.
Shots for this period are 13 for Calgary Flames vs 17 for Nashville Predators.

2nd period


0:01 of 2nd period - Jean-Gabriel Pageau wins face-off versus Mathieu Joseph in neutral zone.
0:32 of 2nd period - Slapshot by Alex Pietrangelo.
0:32 of 2nd period - Stopped by Ilya Sorokin with a rebound.
0:34 of 2nd period - Slapshot by Marco Kasper.
0:34 of 2nd period - Goal by Marco Kasper - Calgary Flames : 1 - Nashville Predators : 3.
0:35 of 2nd period - Jean-Gabriel Pageau wins face-off versus J.T. Miller in neutral zone.
0:39 of 2nd period - Alex Pietrangelo is hit by J.T. Miller and loses puck.
1:06 of 2nd period - Snap shot by John-Jason Peterka.
1:06 of 2nd period - Deflect By Pius Suter.
1:06 of 2nd period - Stopped by Ilya Sorokin with a rebound.
1:46 of 2nd period - Wrist shot by Jack Roslovic.
1:46 of 2nd period - Stopped by Ilya Sorokin without a rebound.
1:47 of 2nd period - Jean-Gabriel Pageau wins face-off versus J.T. Miller in Calgary Flames zone.
1:52 of 2nd period - Slapshot by Dmitri Voronkov.
1:52 of 2nd period - Shot Misses the Net.
1:54 of 2nd period - Slapshot by Jani Nyman.
1:54 of 2nd period - Shot Blocked by Kris Letang.
1:56 of 2nd period - Snap shot by Jean-Gabriel Pageau.
1:56 of 2nd period - Stopped by Ilya Sorokin with a rebound.
1:58 of 2nd period - Slapshot by Brandon Montour.
1:58 of 2nd period - Stopped by Ilya Sorokin with a rebound.
2:00 of 2nd period - Wrist shot by Brandon Montour.
2:00 of 2nd period - Shot Hit the Post.
2:02 of 2nd period - Wrist shot by Dmitri Voronkov.
2:02 of 2nd period - Stopped by Ilya Sorokin without a rebound.
2:03 of 2nd period - Marco Kasper wins face-off versus Bo Horvat in Calgary Flames zone.
2:04 of 2nd period - Slapshot by John-Jason Peterka.
2:04 of 2nd period - Stopped by Ilya Sorokin without a rebound.
2:05 of 2nd period - Marco Kasper wins face-off versus Bo Horvat in Calgary Flames zone.
2:17 of 2nd period - Backhand shot by Bo Horvat.
2:17 of 2nd period - Shot Misses the Net.
2:46 of 2nd period - Snap shot by Chris Kreider.
2:46 of 2nd period - Stopped by Thatcher Demko without a rebound.
2:47 of 2nd period - Nikita Alexandrov wins face-off versus Joel Eriksson Ek in Nashville Predators zone.
4:06 of 2nd period - Slapshot by Rasmus Andersson.
4:06 of 2nd period - Stopped by Ilya Sorokin with a rebound.
4:32 of 2nd period - Snap shot by Eetu Luostarinen.
4:32 of 2nd period - Deflect By Nikita Alexandrov.
4:32 of 2nd period - Deflect By Sebastian Aho.
4:32 of 2nd period - Stopped by Ilya Sorokin with a rebound.
4:51 of 2nd period - Wrist shot by Jack Roslovic.
4:51 of 2nd period - Shot Blocked by Sebastian Aho.
5:07 of 2nd period - John-Jason Peterka is hit by Mathieu Joseph and loses puck.
5:34 of 2nd period - Rasmus Andersson is hit by Kris Letang and loses puck.
5:57 of 2nd period - Cale Makar is hit by Jani Nyman and loses puck.
6:33 of 2nd period - Simon Benoit is hit by Joel Eriksson Ek and loses puck.
7:48 of 2nd period - Minor Penalty to Sebastian Aho for Delaying the game.
7:49 of 2nd period - Marco Kasper wins face-off versus J.T. Miller in Calgary Flames zone.
7:55 of 2nd period - Wrist shot by Marco Kasper.
7:55 of 2nd period - Shot Misses the Net.
8:19 of 2nd period - Bo Horvat is hit by Jean-Gabriel Pageau and loses puck.
8:56 of 2nd period - Ben Meyers is hit by Jean-Gabriel Pageau and loses puck.
9:13 of 2nd period - Slapshot by Cale Makar.
9:13 of 2nd period - Stopped by Thatcher Demko without a rebound.
9:14 of 2nd period - J.T. Miller wins face-off versus Pius Suter in Nashville Predators zone.
9:48 of 2nd period - Penalty to Sebastian Aho is over, Sebastian Aho is back on ice.
9:59 of 2nd period - Wrist shot by Rasmus Andersson.
9:59 of 2nd period - Shot Misses the Net.
10:01 of 2nd period - Snap shot by Yegor Sharangovich.
10:01 of 2nd period - Stopped by Ilya Sorokin without a rebound.
10:02 of 2nd period - Jack Roslovic wins face-off versus Joel Eriksson Ek in Calgary Flames zone.
10:20 of 2nd period - Off-side.
10:21 of 2nd period - J.T. Miller wins face-off versus Jean-Gabriel Pageau in neutral zone.
10:30 of 2nd period - Slapshot by Brandon Montour.
10:30 of 2nd period - Deflect By Dmitri Voronkov.
10:30 of 2nd period - Stopped by Ilya Sorokin without a rebound.
10:31 of 2nd period - Marco Kasper wins face-off versus Bo Horvat in Calgary Flames zone.
10:34 of 2nd period - Snap shot by Marco Kasper.
10:34 of 2nd period - Stopped by Ilya Sorokin without a rebound.
10:35 of 2nd period - Bo Horvat wins face-off versus Marco Kasper in Calgary Flames zone.
10:40 of 2nd period - Wrist shot by Bo Horvat.
10:40 of 2nd period - Shot Misses the Net.
10:46 of 2nd period - Slapshot by Bo Horvat.
10:46 of 2nd period - Shot Blocked by Rasmus Andersson.
11:10 of 2nd period - Backhand shot by Chris Kreider.
11:10 of 2nd period - Shot Hit the Post.
11:22 of 2nd period - Slapshot by Rasmus Andersson.
11:22 of 2nd period - Stopped by Ilya Sorokin with a rebound.
11:45 of 2nd period - Wrist shot by Nic Dowd.
11:45 of 2nd period - Stopped by Thatcher Demko with a rebound.
11:47 of 2nd period - Slapshot by Alec Martinez.
11:47 of 2nd period - Stopped by Thatcher Demko with a rebound.
14:31 of 2nd period - Alex Pietrangelo is hit by Sebastian Aho and loses puck.
14:50 of 2nd period - Snap shot by J.T. Miller.
14:50 of 2nd period - Shot Blocked by Alex Pietrangelo.
14:56 of 2nd period - Wrist shot by Chris Kreider.
14:56 of 2nd period - Shot Blocked by Alex Pietrangelo.
15:10 of 2nd period - Jean-Gabriel Pageau is hit by Nic Dowd and loses puck.
15:29 of 2nd period - Brandon Montour is hit by Joel Eriksson Ek and loses puck.
15:44 of 2nd period - Robby Fabbri is hit by Bo Horvat and loses puck.
15:53 of 2nd period - Snap shot by Robby Fabbri.
15:53 of 2nd period - Shot Misses the Net.
16:09 of 2nd period - Snap shot by J.T. Miller.
16:09 of 2nd period - Shot Misses the Net.
17:01 of 2nd period - Wrist shot by Cale Makar.
17:01 of 2nd period - Shot Blocked by Jordan Spence.
17:03 of 2nd period - Snap shot by Bo Horvat.
17:03 of 2nd period - Shot Misses the Net.
17:09 of 2nd period - Wrist shot by Bo Horvat.
17:09 of 2nd period - Shot Misses the Net.
17:11 of 2nd period - Snap shot by Kris Letang.
17:11 of 2nd period - Stopped by Thatcher Demko with a rebound.
17:31 of 2nd period - Wrist shot by Jack Roslovic.
17:31 of 2nd period - Deflect By Yegor Sharangovich.
17:31 of 2nd period - Shot Blocked by Filip Hronek.
17:31 of 2nd period - Puck is out of play.
17:32 of 2nd period - J.T. Miller wins face-off versus Marco Kasper in Calgary Flames zone.
18:01 of 2nd period - Slapshot by Yegor Sharangovich.
18:01 of 2nd period - Shot Misses the Net.
19:32 of 2nd period - Eetu Luostarinen is hit by Joel Eriksson Ek and loses puck.
Goals for this period are 0 for Calgary Flames vs 1 for Nashville Predators.
Shots for this period are 5 for Calgary Flames vs 14 for Nashville Predators.

3rd period


0:01 of 3rd period - John-Jason Peterka wins face-off versus Bo Horvat in neutral zone.
0:26 of 3rd period - Filip Hronek is hit by Jean-Gabriel Pageau and loses puck.
0:33 of 3rd period - Slapshot by Dmitri Voronkov.
0:33 of 3rd period - Stopped by Ilya Sorokin with a rebound.
0:51 of 3rd period - Slapshot by Joel Eriksson Ek.
0:51 of 3rd period - Stopped by Thatcher Demko without a rebound.
0:52 of 3rd period - Jack Roslovic wins face-off versus Joel Eriksson Ek in Nashville Predators zone.
0:59 of 3rd period - Backhand shot by Brandon Montour.
0:59 of 3rd period - Shot Misses the Net.
1:11 of 3rd period - Slapshot by Brandon Montour.
1:11 of 3rd period - Stopped by Ilya Sorokin with a rebound.
1:28 of 3rd period - Off-side.
1:29 of 3rd period - Bo Horvat wins face-off versus Marco Kasper in neutral zone.
2:32 of 3rd period - Wrist shot by Uvis Balinskis.
2:32 of 3rd period - Goal by Uvis Balinskis - Calgary Flames : 2 - Nashville Predators : 3.
2:33 of 3rd period - Marco Kasper wins face-off versus Bo Horvat in neutral zone.
2:36 of 3rd period - Wrist shot by Pius Suter.
2:36 of 3rd period - Shot Blocked by Cale Makar.
3:21 of 3rd period - Icing by Nikita Alexandrov.
3:22 of 3rd period - Joel Eriksson Ek wins face-off versus Nikita Alexandrov in Nashville Predators zone.
3:23 of 3rd period - Slapshot by Pavel Zacha.
3:23 of 3rd period - Shot Misses the Net.
3:25 of 3rd period - Snap shot by Bo Horvat.
3:25 of 3rd period - Goal by Bo Horvat - Calgary Flames : 3 - Nashville Predators : 3.
3:26 of 3rd period - Bo Horvat wins face-off versus Marco Kasper in neutral zone.
3:31 of 3rd period - Snap shot by John-Jason Peterka.
3:31 of 3rd period - Shot Blocked by Alec Martinez.
3:41 of 3rd period - Wrist shot by Sebastian Aho.
3:41 of 3rd period - Stopped by Thatcher Demko with a rebound.
3:47 of 3rd period - Bo Horvat is hit by Brandon Montour and loses puck.
4:46 of 3rd period - Dante Fabbro is hit by Filip Hronek and loses puck.
5:23 of 3rd period - Slapshot by Cale Makar.
5:23 of 3rd period - Shot Blocked by Pius Suter.
5:25 of 3rd period - Snap shot by Bo Horvat.
5:25 of 3rd period - Shot Misses the Net.
5:31 of 3rd period - Snap shot by Sebastian Aho.
5:31 of 3rd period - Stopped by Thatcher Demko with a rebound.
5:33 of 3rd period - Slapshot by Filip Hronek.
5:33 of 3rd period - Stopped by Thatcher Demko with a rebound.
6:27 of 3rd period - Snap shot by Bo Horvat.
6:27 of 3rd period - Stopped by Thatcher Demko without a rebound.
6:28 of 3rd period - Marco Kasper wins face-off versus Bo Horvat in Nashville Predators zone.
6:37 of 3rd period - Icing by Bo Horvat.
6:38 of 3rd period - John-Jason Peterka wins face-off versus Bo Horvat in Calgary Flames zone.
6:59 of 3rd period - Wrist shot by Bo Horvat.
6:59 of 3rd period - Shot Misses the Net.
7:17 of 3rd period - John-Jason Peterka is hit by Zach Hyman and loses puck.
7:36 of 3rd period - Zach Hyman is hit by Simon Benoit and loses puck.
8:17 of 3rd period - Snap shot by Pius Suter.
8:17 of 3rd period - Stopped by Ilya Sorokin without a rebound.
8:18 of 3rd period - J.T. Miller wins face-off versus Jean-Gabriel Pageau in Calgary Flames zone.
8:56 of 3rd period - Snap shot by Joel Eriksson Ek.
8:56 of 3rd period - Stopped by Thatcher Demko with a rebound.
9:10 of 3rd period - Snap shot by Nikita Alexandrov.
9:10 of 3rd period - Shot Misses the Net.
9:12 of 3rd period - Wrist shot by Nikita Alexandrov.
9:12 of 3rd period - Shot Misses the Net.
9:40 of 3rd period - Minor Penalty to J.T. Miller for Holding.
9:41 of 3rd period - Sebastian Aho wins face-off versus Jean-Gabriel Pageau in Calgary Flames zone.
11:40 of 3rd period - Penalty to J.T. Miller is over, J.T. Miller is back on ice.
11:49 of 3rd period - Filip Hronek is hit by Evan Rodrigues and loses puck.
12:04 of 3rd period - Robby Fabbri is hit by Cale Makar and loses puck.
12:26 of 3rd period - Nikita Alexandrov is hit by Sebastian Aho.
13:11 of 3rd period - Snap shot by J.T. Miller.
13:11 of 3rd period - Shot Blocked by Robby Fabbri.
13:36 of 3rd period - Evan Rodrigues is hit by Kris Letang and loses puck.
14:11 of 3rd period - Snap shot by Joel Eriksson Ek.
14:11 of 3rd period - Goal by Joel Eriksson Ek - Calgary Flames : 4 - Nashville Predators : 3.
14:12 of 3rd period - J.T. Miller wins face-off versus Jean-Gabriel Pageau in neutral zone.
14:15 of 3rd period - Jean-Gabriel Pageau is hit by Kris Letang.
14:19 of 3rd period - Slapshot by Brandon Montour.
14:19 of 3rd period - Stopped by Ilya Sorokin with a rebound.
14:34 of 3rd period - Icing by Brandon Montour.
14:35 of 3rd period - Jean-Gabriel Pageau wins face-off versus Joel Eriksson Ek in Nashville Predators zone.
14:35 of 3rd period - Jean-Gabriel Pageau is hit by Joel Eriksson Ek.
15:01 of 3rd period - Brandon Montour is hit by Sebastian Aho and loses puck.
15:10 of 3rd period - Snap shot by Sebastian Aho.
15:10 of 3rd period - Stopped by Thatcher Demko without a rebound.
15:11 of 3rd period - Jean-Gabriel Pageau wins face-off versus Joel Eriksson Ek in Nashville Predators zone.
15:24 of 3rd period - Snap shot by Dmitri Voronkov.
15:24 of 3rd period - Shot Misses the Net.
15:26 of 3rd period - Snap shot by Jani Nyman.
15:26 of 3rd period - Stopped by Ilya Sorokin without a rebound.
15:27 of 3rd period - Nic Dowd wins face-off versus Marco Kasper in Calgary Flames zone.
15:33 of 3rd period - Off-side.
15:34 of 3rd period - Nick Paul wins face-off versus Pius Suter in neutral zone.
15:41 of 3rd period - Slapshot by Nick Paul.
15:41 of 3rd period - Shot Misses the Net.
15:43 of 3rd period - Wrist shot by Nic Dowd.
15:43 of 3rd period - Stopped by Thatcher Demko without a rebound.
15:44 of 3rd period - Joel Eriksson Ek wins face-off versus Marco Kasper in Nashville Predators zone.
15:57 of 3rd period - Slapshot by Joel Eriksson Ek.
15:57 of 3rd period - Stopped by Thatcher Demko with a rebound.
15:59 of 3rd period - Slapshot by Joel Eriksson Ek.
15:59 of 3rd period - Goal by Joel Eriksson Ek - Calgary Flames : 5 - Nashville Predators : 3.
16:00 of 3rd period - Marco Kasper wins face-off versus Joel Eriksson Ek in neutral zone.
16:09 of 3rd period - Pavel Zacha is hit by Alex Pietrangelo and loses puck.
17:16 of 3rd period - Slapshot by Cale Makar.
17:16 of 3rd period - Stopped by Thatcher Demko with a rebound.
18:16 of 3rd period - Nick Paul is hit by Eetu Luostarinen and loses puck.
18:58 of 3rd period - Off-side.
18:59 of 3rd period - Jean-Gabriel Pageau wins face-off versus Joel Eriksson Ek in neutral zone.
19:44 of 3rd period - Snap shot by Eetu Luostarinen.
19:44 of 3rd period - Stopped by Ilya Sorokin without a rebound.
19:45 of 3rd period - Eetu Luostarinen wins face-off versus Joel Eriksson Ek in Calgary Flames zone.
19:58 of 3rd period - Slapshot by Pius Suter.
19:58 of 3rd period - Stopped by Ilya Sorokin with a rebound.
Goals for this period are 4 for Calgary Flames vs 0 for Nashville Predators.
Shots for this period are 14 for Calgary Flames vs 7 for Nashville Predators.